 Dungeon Crawl Stone Soup version 0.24.0-13-gcf9b319 (webtiles) character file.

Game seed: 3830623426641776414, levelgen mode: deterministic

86737 Fang the Fighter (level 15, -2/101 HPs)
             Began as a Gargoyle Berserker on Nov 20, 2019.
             Was the Champion of Trog.
             Slain by an orc sorcerer
             ... wielding a +0 dagger
              (4 damage)
             ... while paralysed by an orc sorcerer
             ... on level 2 of the Orcish Mines.
             The game lasted 00:29:37 (21549 turns).

Fang the Fighter (Gargoyle Berserker)              Turns: 21549, Time: 00:29:38

Health: -2/101     AC: 35    Str: 27    XL:     15   Next: 88%
Magic:  15/15      EV:  2    Int: 14    God:    Trog [******]
Gold:   1097       SH:  0    Dex:  9    Spells: 14/14 levels left

rFire    + + +     SeeInvis +   B - +4 broad axe "Attaosuz" {chop, rF+ Int+6}
rCold    + + .     Gourm    .   l - +0 large shield
rNeg     + . .     Faith    .   b - +1 plate armour {rC+}
rPois    ∞         Spirit   .   j - +1 helmet {SInv}
rElec    +         Reflect  .   K - scarf {rC+ rF+}
rCorr    +         Harm     .   (no gloves)
MR       +....                  D - +2 pair of boots of Ihygoec {rF+ rCorr Slay+5}
Stlth    ..........             A - amulet of regeneration
HPRegen  0.66/turn              (no ring)
MPRegen  0.14/turn              I - ring of resist corrosion

@: paralysed, flying
A: big wings, negative energy resistance 1, electricity resistance, unbreathing,
petrification resistance, rot immunity, AC +11
a: Stop Flying, Berserk, Trog's Hand, Brothers in Arms, Renounce Religion


You were on level 2 of the Orcish Mines.
You worshipped Trog.
Trog was exalted by your worship.
You were not hungry.

You visited 4 branches of the dungeon, and saw 24 of its levels.
You also visited: Ossuary.

You collected 2170 gold pieces.
You spent 1073 gold pieces at shops.

Inventory:

Hand Weapons
 a - a +3 war axe
 z - a +6 broad axe of freezing
 B - the +4 broad axe "Attaosuz" (weapon) {chop, rF+ Int+6}
   (Trog gifted it to you on level 5 of the Lair of Beasts)

   It inflicts extra damage upon your enemies.
   It affects your intelligence (+6).
   It protects you from fire.
 J - a +1 war axe of draining
 M - a +2 war axe of venom
Armour
 b - a +1 plate armour of cold resistance (worn)
 j - a +1 helmet of see invisible (worn)
 l - a +0 large shield (worn)
 D - the +2 pair of boots of Ihygoec (worn) {rF+ rCorr Slay+5}
   (You bought it in a shop on level 10 of the Dungeon)

   It affects your accuracy and damage with ranged weapons and melee attacks
   (+5).
   It protects you from fire.
   It provides partial protection from all sources of acid and corrosion.
 K - a scarf of resistance (worn)
Jewellery
 A - an amulet of regeneration (around neck)
 I - a ring of resist corrosion (right hand)
Wands
 n - a wand of paralysis (14)
 o - a wand of disintegration (84)
 r - a wand of polymorph (6)
 C - a wand of flame (65)
 E - a wand of digging (12)
 H - a wand of iceblast (19)
 L - a wand of acid (8)
Scrolls
 d - 2 scrolls of fog
 e - 4 scrolls of fear
 f - 2 scrolls of blinking
 q - 3 scrolls of magic mapping
 t - 13 scrolls of remove curse
 x - 9 scrolls of identify
 y - 7 scrolls of teleportation
Potions
 g - 7 potions of curing
 h - a potion of mutation
 i - a potion of cancellation
 k - 2 potions of resistance
 p - 6 potions of heal wounds
 s - a potion of ambrosia
 u - 2 potions of haste
 v - a potion of agility
 w - 5 potions of invisibility
 G - 3 potions of might
Comestibles
 c - 43 rations


   Skills:
 + Level 14.8 Fighting
 + Level 12.7 Axes
 + Level 14.5 Armour
 + Level 11.6 Dodging
 + Level 6.9 Shields


You had 14 spell levels left.
You didn't know any spells.
Your spell library was empty.

Dungeon Overview and Level Annotations

Branches:
Dungeon (15/15)            Temple (1/1) D:4            Lair (6/6) D:9
 Shoals (0/4) Lair:3        Snake (0/4) Lair:3        Slime (0/5) Lair:6
    Orc (2/2) D:10            Elf (0/3) Orc:2        Vaults (0/5) D:13
 Depths (0/5) D:15        Ossuary (visited)

Altars:
Cheibriados
Dithmenos
Fedhas
Gozag
Kikubaaqudgha
Makhleb
Nemelex Xobeh
Okawaru
Qazlal
Ru
Sif Muna
Trog
Uskayaw
Vehumet
Wu Jian
Xom
Yredelemnul
Zin
The Shining One
Jiyva

Shops:
D:10 [([

Annotations:
D:8 2 transporters, Wuxian's ghost, novice DsGl
Lair:1 exclusion: oklob plant


Innate Abilities, Weirdness & Mutations

You are resistant to torment.
Your stone body is resilient. (AC +11)
You are immune to poison.
Your large and strong wings let you fly indefinitely.
You resist negative energy. (rN+)
You are resistant to electric shocks. (rElec)
You can survive without breathing.
You are immune to petrification.
You are immune to rotting.


Message History

The orc sorcerer is heavily wounded.
You hit the orc warrior but do no damage.
You hit the orc knight. You slash the orc warrior!
You block the orc sorcerer's attack. The orc warrior closely misses you.
The orc knight hits you but does no damage.
The soul eater draws from the surrounding life force!
The ynoxinul gestures.
The orc sorcerer points at you and mumbles some strange words.
You suddenly lose the ability to move!
The orc warrior hits you but does no damage.
The orc knight hits you from afar with a +0 bardiche!
The orc warrior hits you with a +0 scimitar!!
* * * LOW HITPOINT WARNING * * *
The soul eater draws from the surrounding life force!
* * * LOW HITPOINT WARNING * * *
The orc priest calls down the wrath of Beogh upon you.
Beogh smites you!
* * * LOW HITPOINT WARNING * * *
The orc sorcerer hits you with a +0 dagger.
You die...

##.## ##.#............
### ##...#.........
##.#..........
##........#..
#........... #####
##.......... ###...##
##.........
##.oo...###..........
#.4o@....##..........
#....o##.)..#..#......#
#..oo# ##...####.....##
#....o #....####...##.
...35 ##....####.#...
.53o. #.....#)##....
..o. #.....).).....
..5. #.....#)).....
#....#....#...


You could see 3 orc knights, a soul eater, an orc high priest, a rust devil, a
ynoxinul, 2 orc sorcerers, 2 orc warriors, an orc priest and 3 ufetubi.

Vanquished Creatures
  Gastronok (D:12)
  A fire dragon (D:13)
  A yaktaur captain (D:15)
  A vault guard (D:13)
  9 hydras
  An ice dragon (D:13)
  5 two-headed ogres
  3 catoblepae
  7 centaur warriors
  An ogre mage (D:13)
  A tengu warrior (D:13)
  2 orc high priests (Orc:2)
  Urug (Lair:6)
  2 skeletal warriors
  4 unseen horrors
  2 orc knights
  A wolf spider zombie (D:14)
  A deep elf mage (D:9)
  11 ugly things
  A wolf spider (Lair:6)
  3 orc sorcerers
  A salamander (shapeshifter) (D:14)
  A manticore (D:15)
  7 cyclopes
  6 elephants
  2 guardian serpents
  4 black mambas (Lair:6)
  A black mamba (shapeshifter) (D:14)
  4 gargoyles
  A freezing wraith (D:14)
  17 spiny frogs
  A yaktaur (D:15)
  A yaktaur (shapeshifter) (D:14)
  6 komodo dragons
  9 trolls
  2 tengu conjurers (D:14)
  4 hornets
  5 polar bears
  A wolf spider simulacrum (D:15)
  2 dream sheep (D:8)
  6 slime creatures (D:15)
  13 blink frogs
  A snapping turtle (Lair:3)
  8 hippogriffs
  2 vampires
  2 shadows
  2 redbacks (Lair:6)
  A wraith (D:13)
  6 basilisks
  12 wyverns
  A steam dragon (D:15)
  21 yaks
  3 hungry ghosts
  Grum (D:9)
  Menkaure (D:6)
  An acid dragon (D:13)
  A warg (Orc:1)
  A soldier ant (D:12)
  28 water moccasins
  17 orc warriors
  9 porcupines
  A swamp drake (Lair:2)
  4 sky beasts
  3 black bears
  3 ice beasts
  10 ogres
  4 eyes of draining (D:13)
  4 boggarts (Lair:6)
  5 phantoms
  7 wolves
  21 centaurs
  9 crocodiles
  5 big kobolds
  6 earth elementals (D:15)
  15 bullfrogs
  2 water moccasin zombies
  8 scorpions
  A water moccasin skeleton (D:8)
  A killer bee (D:13)
  5 wights (D:14)
  An electric eel (Lair:4)
  A howler monkey (D:9)
  8 crimson imps
  2 centaur zombies
  A bullfrog zombie (D:13)
  6 jellies
  3 quasits
  5 centaur skeletons
  13 orc priests
  6 hounds
  20 orc wizards
  6 iguanas
  10 worker ants
  7 hell rats (Lair:5)
  A killer bee zombie (D:7)
  6 big kobold zombies (Ossuary)
  2 hound skeletons
  2 mummies (Ossuary)
  Robin (D:3)
  26 adders
  3 shadow imps
  An ooze (D:3)
  11 adder zombies
  2 adder skeletons
  2 worms
  A dart slug (D:1)
  4 leopard geckos
  61 orcs
  2 giant cockroaches
  A gnoll zombie (Ossuary)
  12 goblins
  9 hobgoblins
  8 jackals
  21 kobolds
  10 quokkas
  9 bats
  5 frilled lizards
  2 hobgoblin zombies (Ossuary)
  A jackal zombie (D:8)
  3 kobold zombies (Ossuary)
  5 orc zombies (Ossuary)
  10 rats
  A fungus (Lair:6)
  8 plants
704 creatures vanquished.

Vanquished Creatures (collateral kills)
  3 hydras
  A rime drake (Lair:2)
  A blink frog (Lair:2)
  A porcupine (Lair:2)
  A big kobold (D:8)
7 creatures vanquished.

Vanquished Creatures (others)
  A centaur skeleton (D:11)
  A meliai simulacrum (D:11)
  An orc wizard (Orc:2)
  An orc (Orc:1)
  9 fungi
  3 plants (Lair:6)
16 creatures vanquished.

Grand Total: 727 creatures vanquished

Notes
Turn   | Place    | Note
-------+----------+-------------------------------------------
     0 | D:1      | Fang the Gargoyle Berserker began the quest for the Orb.
     0 | D:1      | Reached XP level 1. HP: 14/14 MP: 1/1
   114 | D:1      | Reached XP level 2. HP: 14/19 MP: 2/2
   255 | D:1      | Reached XP level 3. HP: 19/23 MP: 3/3
   722 | D:2      | Reached ** piety under Trog
   825 | D:2      | Found a sparkling altar of Nemelex Xobeh.
  1095 | D:2      | Found a faded altar of an unknown god.
  1276 | D:3      | Reached XP level 4. HP: 26/29 MP: 4/4
  1411 | D:3      | Found a blossoming altar of Fedhas.
  1572 | D:3      | Noticed Robin
  1601 | D:3      | Killed Robin
  2108 | D:4      | Reached XP level 5. HP: 31/33 MP: 5/5
  2172 | D:4      | Found a staircase to the Ecumenical Temple.
  2174 | D:4      | Found a sand-covered staircase.
  2201 | Ossuary  | Entered an ossuary
  2235 | Ossuary  | Reached *** piety under Trog
  2250 | Ossuary  | Reached XP level 6. HP: 22/39 MP: 6/6
  2603 | Temple   | Entered the Ecumenical Temple
  2710 | D:4      | Reached skill level 5 in Fighting
  2715 | D:4      | Reached XP level 7. HP: 19/44 MP: 7/7
  2960 | D:4      | Found an ornate altar of the Wu Jian Council.
  3231 | D:5      | Entered Level 5 of the Dungeon
  3233 | D:5      | You fall into a shaft and drop 1 floor!
  3250 | D:6      | Reached **** piety under Trog
  3522 | D:6      | Noticed Menkaure
  3534 | D:6      | Killed Menkaure
  3534 | D:6      | Reached skill level 5 in Armour
  3793 | D:7      | Reached XP level 8. HP: 51/51 MP: 8/8
  3817 | D:7      | Reached skill level 5 in Axes
  4079 | D:7      | Noticed a hippogriff
  4089 | D:7      | Killed a hippogriff
  4215 | D:7      | Reached XP level 9. HP: 52/56 MP: 9/9
  4324 | D:7      | Reached skill level 5 in Dodging
  4752 | D:8      | Noticed Wuxian's ghost (novice DsGl)
  4946 | D:8      | Found a transporter.
  4972 | D:8      | Found a transporter.
  5278 | D:8      | Found a radiant altar of Vehumet.
  5280 | D:8      | Found an ancient bone altar of Kikubaaqudgha.
  5282 | D:8      | Found a stormy altar of Qazlal.
  5286 | D:8      | Found a snail-covered altar of Cheibriados.
  5287 | D:8      | Found a bloodstained altar of Trog.
  5414 | D:8      | Reached XP level 10. HP: 52/64 MP: 10/10
  5497 | D:8      | Noticed a three-headed hydra
  5509 | D:8      | Killed a three-headed hydra
  5681 | D:9      | Found a staircase to the Lair.
  5847 | D:9      | Noticed Grum
  5867 | D:9      | Killed Grum
  6113 | D:9      | Noticed a two-headed ogre
  6123 | D:9      | Killed a two-headed ogre
  6265 | D:9      | Noticed a skeletal warrior
  6284 | D:9      | Killed a skeletal warrior
  6475 | D:9      | Noticed a deep elf mage
  6484 | D:9      | Reached XP level 11. HP: 71/71 MP: 11/11
  6512 | D:9      | Killed a deep elf mage
  6512 | D:9      | Reached ***** piety under Trog
  6581 | D:9      | Paralysed by fainting for 7 turns
  6889 | D:10     | Entered Level 10 of the Dungeon
  7103 | D:10     | Found Cohin's Armour Shoppe.
  7103 | D:10     | Found a staircase to the Orcish Mines.
  7117 | D:10     | Found Ythadgh's Weapon Shoppe.
  7393 | D:10     | Found Kihaf's Armour Emporium.
  7539 | D:11     | Reached skill level 10 in Fighting
  7650 | D:11     | Noticed a centaur warrior
  7650 | D:11     | Noticed a deep elf mage
  7660 | D:11     | Noticed a tengu warrior
  7678 | D:11     | Noticed a tengu warrior
  7691 | D:11     | Noticed a red ugly thing
  7705 | D:11     | Killed a red ugly thing
  7772 | D:11     | Killed an unseen horror
  8202 | D:11     | Received a gift from Trog
  8680 | D:12     | Reached skill level 10 in Armour
  8732 | D:12     | Found a glowing golden altar of the Shining One.
  8824 | D:12     | Noticed Gastronok
  8843 | D:12     | Killed Gastronok
  9532 | D:12     | Noticed a white ugly thing
  9550 | D:12     | Killed a white ugly thing
  9550 | D:12     | Reached XP level 12. HP: 16/79 MP: 12/12
 10100 | Lair:1   | Entered Level 1 of the Lair of Beasts
 10141 | D:10     | Bought a +1 helmet of see invisible for 247 gold pieces
 10883 | Lair:1   | Noticed a four-headed hydra
 10903 | Lair:1   | Killed a 14-headed hydra
 11800 | Lair:2   | Noticed a five-headed hydra
 11805 | Lair:2   | Killed a five-headed hydra
 11862 | Lair:2   | Noticed a five-headed hydra
 11870 | Lair:2   | Killed a six-headed hydra
 11870 | Lair:2   | Received a gift from Trog
 11931 | Lair:2   | Reached skill level 10 in Axes
 12289 | Lair:2   | Noticed a seven-headed hydra
 12322 | Lair:2   | Killed a 20-headed hydra
 12413 | Lair:2   | Noticed a five-headed hydra
 12430 | Lair:2   | Killed a 16-headed hydra
 12879 | Lair:2   | Reached XP level 13. HP: 86/86 MP: 13/13
 13404 | Lair:3   | Found a dark tunnel.
 13440 | Lair:3   | Found a staircase to the Snake Pit.
 13467 | Lair:3   | Found a staircase to the Shoals.
 15607 | Lair:5   | Received a gift from Trog
 15610 | Lair:5   | Got a brightly glowing broad axe {god gift}
 15611 | Lair:5   | Identified the +4 broad axe "Attaosuz" {chop, rF+ Int+6}
                  | (Trog gifted it to you on level 5 of the Lair of Beasts)
 15689 | Lair:5   | Reached skill level 10 in Dodging
 16289 | Lair:6   | Entered Level 6 of the Lair of Beasts
 16586 | Lair:6   | Found a staircase to the Slime Pits.
 16586 | Lair:6   | Found a viscous altar of Jiyva.
 16656 | Lair:6   | Gained mutation: Your large and strong wings let you fly
                  | indefinitely. [Gargoyle growth]
 16656 | Lair:6   | Reached XP level 14. HP: 87/94 MP: 14/14
 17046 | Lair:6   | Reached skill level 1 in Shields
 17269 | Lair:6   | Identified a scroll of acquirement
 17472 | Lair:6   | Noticed Urug
 17480 | Lair:6   | Killed Urug
 17820 | D:10     | Bought the +2 pair of boots of Ihygoec {rF+ rCorr Slay+5}
                  | for 826 gold pieces
 17984 | D:13     | Found an ornate altar of the Wu Jian Council.
 18201 | D:13     | Received a gift from Trog
 18285 | D:13     | Found a gate to the Vaults.
 19026 | D:14     | Reached XP level 15. HP: 74/100 MP: 15/15
 19166 | D:14     | Reached skill level 5 in Shields
 19471 | D:14     | Reached ****** piety under Trog
 19803 | D:15     | Entered Level 15 of the Dungeon
 19844 | D:15     | Received a gift from Trog
 19857 | D:15     | Found a snail-covered altar of Cheibriados.
 20403 | D:15     | Found a staircase to the Depths.
 20628 | Orc:1    | Entered Level 1 of the Orcish Mines
 20816 | Orc:2    | Entered Level 2 of the Orcish Mines
 21311 | Orc:2    | Found a staircase to the Elven Halls.
 21548 | Orc:2    | Paralysed by an orc sorcerer for 4 turns
 21549 | Orc:2    | HP: 2/101 [orc priest/divine providence (15)]
 21549 | Orc:2    | Slain by an orc sorcerer

Levels and vault maps discovered:
D:1:      co_arrival_square_in_a_square_in_a_square, layout_rooms
D:2:      layout_rooms, chequers_ecumenical_altar_lobes,
          nemelex_lonely_heart_becter
D:3:      layout_basic, first_ration, fedhas_altar_2, uniq_robin
D:4:      layout_cave_pools, lemuel_crystal_altar,
          minmay_temple_entry_mini_moons, enter_ossuary_5
D:5:      layout_basic
D:6:      layout_rooms, uniq_menkaure
D:7:      layout_rooms, minmay_quadrilaterals
D:8:      layout_rooms, minitemple, gammafunk_ghost_hive, hangedman_ranch
          [blue_anna_fruit_fields]
D:9:      minmay_imperfect_grid, layout_basic, uniq_grum
D:10:     layout_irregular_city, orc_david_3, serial_shops, shop_fountains
D:11:     layout_grid_maze, minivault_12
D:12:     layout_roguey, chequers_decorated_corner,
          nicolae_tso_carved_into_rock, uniq_gastronok
D:13:     minmay_the_grid_3x2 [minmay_the_grid_dragon_b,
          minmay_the_grid_odd_star, minmay_the_grid_minigrid_small,
          minmay_the_grid_minigrid_small_alt, minmay_the_grid_outer_diamond,
          minmay_the_grid_prize_trominoes], layout_irregular_city,
          david_vaults_5, serial_column_ruins, column_ruins_temple_circle,
          column_ruins_open_tiny_water, column_ruins_corridor_T,
          column_ruins_grid_1, column_ruins_open_tiny, column_ruins_grid_2,
          kb_rosetta
D:14:     layout_gridville, chequers_serial_rivers_small_3
D:15:     grunt_enter_depths_snipers, layout_cave_pools, cheibriados_altar_1,
          hangedman_cracks_in_the_wall
Temple:   nicolae_temple_x_marks_the_god
Lair:1:   layout_long_grid, minmay_lair_oklob_chamber
Lair:2:   lemuel_reptile_caves, layout_hall_layers, columned_hall_lemuel,
          hangedman_lair_generics_rect, lemuel_fruit_tree
Lair:3:   layout_cave_pods, minmay_shoals_entry_hut,
          minmay_snake_entry_spellcaster, enter_volcano_2, beast_lair_carwin_11,
          infiniplex_staircase_pool_2, grunt_megastairs_4
Lair:4:   layout_long_grid, serial_bayou_pond_c, serial_bayou_shore_b,
          grunt_megastairs_3
Lair:5:   layout_layer_cave, minmay_stone_trees_small
Lair:6:   hangedman_lair_tendril_chambers, layout_regular_city, slime_altar_1,
          kilobyte_rumbling_trees, uniq_urug
Orc:1:    layout_diamond_mine, basic_altar
Orc:2:    grunt_orc_tribal_feast, layout_caves

Skill      XL: |  1  2  3  4  5  6  7  8  9 10 11 12 13 14 15 |
---------------+----------------------------------------------+-----
Axes           | 3 4 5 6 8 9 10 11 12 | 12.7
Dodging        | 2 3 4 6 7 8 9 10 11 | 11.6
Armour         | 3 4 5 6 7 9 10 11 12 13 14 | 14.5
Fighting       | 4 5 6 8 9 10 12 13 14 | 14.8
Shields        | 4 6 |  6.9

Action                   |  1- 3 |  4- 6 |  7- 9 | 10-12 | 13-15 || total
-------------------------+-------+-------+-------+-------+-------++-------
Melee: Hand axe          |   169 |   247 |   281 |   169 |       ||   866
       War axe           |       |       |       |   544 |       ||   544
       Broad axe         |       |       |       |    66 |  1150 ||  1216
Invok: Berserk           |       |     2 |     5 |    12 |     8 ||    27
       Brothers in Arms  |       |       |       |     5 |       ||     5
       Trog's Hand       |       |       |       |     1 |       ||     1
 Abil: Fly               |       |       |       |       |     1 ||     1
  Use: Scroll            |       |       |     8 |    23 |     8 ||    39
       Potion            |       |       |       |     2 |     1 ||     3
 Stab: Distracted        |       |       |       |       |     1 ||     1
  Eat: Chunk             |     1 |     5 |    13 |    38 |    35 ||    92
       Ration            |       |     1 |     1 |     3 |     1 ||     6
Armor: Animal skin       |     2 |       |       |       |       ||     2
       Chain mail        |   111 |       |       |       |       ||   111
       Plate armour      |       |   198 |   271 |   745 |   997 ||  2211
Dodge: Dodged            |   102 |    89 |   145 |   227 |   405 ||   968
Block: Large shield      |       |       |       |   654 |  1070 ||  1724
